Map: Hecate LE

Players

SubN

  • Race: Zerg Zerg
  • League: Diamond
  • Spawn Location: 1:00

Solitude - Winner!

  • Race: Zerg Zerg
  • League: Diamond
  • Spawn Location: 7:00

VOD

Have the link to the VOD?

Description

Time

  • Played on: Nov. 22, 2023, 3:35 p.m.
  • Length: 9:26
Show
View Real Time Build Order
Export as new Build Order

SubN Zerg 

Build Orders: Hatch First 

Get SALT Encoding   

  12  0:00  Drone  
  13  0:12  Overlord  
  13  0:18  Drone  
  14  0:30  Drone x2  
  16  0:49  Hatchery  
  17  0:57  Drone x2  
  17  0:58  Drone  
  17  1:02  Extractor  
  17  1:16  Spawning Pool  
  16  1:21  Drone  
  16  1:22  Drone  
  18  1:29  Drone  
  19  1:40  Drone  
  20  1:53  Overlord  
  20  2:00  Drone  
  21  2:09  Drone  
  22  2:19  Queen  
  22  2:22  Zergling x4  
  26  2:23  Spine Crawler  
  26  2:27  Roach Warren  
  24  2:36  Overlord  
  24  2:37  Zergling x6  
  27  2:54  Drone x2  
  29  3:01  Drone x2  
  29  3:04  Queen  
  33  3:05  Overlord  
  33  3:07  Overlord  
  33  3:23  Evolution Chamber  
  32  3:30  Evolution Chamber  
  32  3:32  Queen  
  33  3:34  Roach x2  
  37  3:42  Roach  
  37  3:43  Roach  
  38  3:50  Roach  
  40  4:01  Roach  
  40  4:02  Roach x2  
  34  4:17  Roach  
  34  4:18  Roach x2  
  40  4:25  Lair  
  40  4:30  Roach  
  40  4:35  Roach  
  42  4:42  Drone x2  
  44  4:57  Hatchery  
  43  5:07  Drone x3  
  43  5:11  Metabolic Boost  
  46  5:28  Glial Reconstitution  
  46  5:37  Overlord  
  46  5:39  Overlord  
  46  5:50  Overlord  
  46  5:58  Hatchery  
  46  6:00  Drone x3  
  48  6:12  Roach  
  48  6:13  Roach  
  52  6:22  Spine Crawler  
  55  6:25  Roach x2  
  55  6:26  Roach x3  
  59  6:39  Roach x2  
  57  6:53  Roach  
  43  7:13  Evolution Chamber  
  43  7:14  Evolution Chamber  
  41  7:22  Drone x6  
  47  7:26  Extractor  
  47  7:27  Extractor  
  45  7:32  Drone x3  
  45  7:36  Drone x2  
  50  7:48  Drone x2  
  52  7:52  Drone  
  52  7:54  Drone x2  
  55  8:15  Spore Crawler  
  55  8:16  Spore Crawler  
  53  8:24  Queen  
  53  8:26  Spore Crawler  
  54  8:27  Roach  
  54  8:28  Roach x2, Spore Crawler  
  54  8:32  Overlord x3  
  59  8:52  Roach  
  59  8:53  Roach x6  
  73  8:56  Roach  
Show
View Real Time Build Order
Export as new Build Order

Solitude Zerg - Winner!

Build Orders: Hatch First 

Get SALT Encoding   

  12  0:01  Drone  
  13  0:09  Drone  
  14  0:34  Hatchery  
  13  0:37  Drone  
  13  0:40  Extractor  
  13  0:43  Drone  
  14  1:01  Spawning Pool  
  14  1:04  Drone  
  14  1:08  Extractor  
  14  1:10  Drone  
  15  1:19  Overlord  
  15  1:37  Drone  
  16  1:47  Metabolic Boost  
  16  1:48  Queen  
  16  1:50  Zergling x2  
  16  1:53  Zergling x2  
  20  2:03  Queen  
  22  2:13  Drone x2  
  22  2:15  Overlord  
  24  2:20  Zergling x2  
  24  2:22  Zergling x2  
  26  2:31  Drone  
  26  2:32  Overlord  
  27  2:43  Zergling x6  
  30  2:49  Zergling x2  
  31  2:53  Queen  
  31  2:55  Zergling x2  
  34  3:01  Zergling x4  
  36  3:12  Overlord  
  36  3:17  Zergling x10  
  41  3:21  Zergling x2  
  41  3:23  Zergling x2  
  43  3:31  Queen  
  45  3:37  Spine Crawler  
  44  3:54  Drone  
  44  3:55  Drone x2  
  46  3:56  Evolution Chamber  
  46  3:58  Spine Crawler  
  39  4:15  Drone x4  
  39  4:16  Drone  
  42  4:17  Drone  
  42  4:28  Drone x3  
  45  4:32  Zerg Melee Weapons Level 1  
  45  4:41  Zergling x2  
  45  4:42  Zergling x6  
  49  4:53  Drone, Extractor  
  49  4:54  Drone x3  
  52  5:04  Overlord x2  
  52  5:17  Lair  
  52  5:22  Overlord x2  
  52  5:25  Spine Crawler  
  52  5:26  Spine Crawler  
  50  5:30  Zergling x2  
  50  5:31  Zergling x4  
  50  5:35  Drone x2  
  55  5:36  Drone  
  55  5:39  Drone  
  57  5:44  Drone, Evolution Chamber  
  57  5:49  Drone x2  
  59  6:02  Zergling x10  
  64  6:12  Drone x3, Extractor  
  64  6:14  Extractor  
  65  6:22  Spire  
  65  6:23  Zerg Ground Armor Level 1  
  57  6:41  Drone x3  
  57  6:42  Drone x2  
  50  7:05  Drone x3  
  50  7:07  Drone x3  
  56  7:09  Zerg Melee Weapons Level 2  
  56  7:26  Infestation Pit  
  55  7:30  Hatchery  
  55  7:33  Mutalisk  
  55  7:34  Mutalisk x2  
  60  7:38  Zergling x14  
  60  7:39  Hatchery  
  66  7:51  Mutalisk  
  66  7:52  Zergling x4  
  66  7:53  Zergling x2  
  71  8:04  Mutalisk  
  73  8:06  Zergling x2  
  73  8:07  Zergling x4  
  76  8:27  Drone  
  76  8:28  Drone x6  
  83  8:36  Hatchery  
  82  8:45  Drone  
  82  8:46  Drone x6  
  89  8:58  Drone x4  
  89  8:59  Drone x2  
  89  9:01  Extractor  
  89  9:02  Extractor  
  93  9:05  Drone  
  93  9:06  Drone  
  93  9:07  Overlord x2  
Tags
 
Add a new tag
Caveats
  • Supply blocks, unpowered buildings, or Contaminate may cause inaccurate times.
  • Supply counts are checked every 10 seconds.